 Dungeon Crawl Stone Soup version 0.17-a0-1430-g49fde19 (webtiles) character file.

6252 Lektor the Bludgeoner (level 10, 0/88 HPs)
             Began as an Ogre Hunter on June 25, 2015.
             Was an Elder of Okawaru.
             Slain by a wolf (4 damage)
             ... led by Grum
             ... on level 8 of the Dungeon.
             The game lasted 00:44:21 (8280 turns).

Lektor the Bludgeoner (Ogre Hunter)                 Turns: 8280, Time: 00:44:21

Health: 0/88       AC:  7    Str: 22    XL:     10   Next: 93%
Magic:  12/12      EV: 10    Int: 13    God:    Okawaru [****..]
Gold:   429        SH:  0    Dex: 10    Spells: 1 memorised, 7 levels left

rFire  + . .     SeeInvis .     U - +0 giant club
rCold  + . .     Clarity  .     d - +1 robe
rNeg   . . .     SustAt   .     (no shield)
rPois  +         Gourm    .     F - +0 hat
rElec  +         Spirit   .     (no cloak)
rCorr  +         Warding  .     (gloves unavailable)
rMut   .         Stasis   .     (boots unavailable)
MR     +....                    j - amulet of regeneration
Stlth  +.........               M - +3 ring of protection
                                f - +3 ring of strength

@: resistant, somewhat resistant to hostile enchantments, very unstealthy
A: unfitting armour, tough skin 1
a: Heroism, Renounce Religion


You were on level 8 of the Dungeon.
You worshipped Okawaru.
Okawaru was greatly pleased with you.
You were not hungry.

You visited 2 branches of the dungeon, and saw 9 of its levels.
You also visited: Bailey.

You collected 534 gold pieces.
You spent 105 gold pieces at shops.

Inventory:

Hand weapons
 t - a +4 flail of protection
 U - a +0 giant club (weapon)
Missiles
 b - 4 throwing nets
 g - 7 large rocks (quivered)
 k - 200 stones
 E - 4 silver tomahawks
 N - 9 tomahawks
 P - 30 poisoned needles
 R - 3 javelins
Armour
 d - a +1 robe (worn)
 F - a +0 hat (worn)
 Y - a +0 large shield
Jewellery
 f - a +3 ring of strength (left hand)
 i - an uncursed amulet of inaccuracy
 j - an amulet of regeneration (around neck)
 r - an uncursed ring of protection from fire
 x - an uncursed ring of sustain attributes
 B - an uncursed ring of protection from magic
 J - an uncursed ring of see invisible
 M - a +3 ring of protection (right hand)
Magical devices
 c - a wand of frost (22)
 u - a wand of confusion (12)
 H - a wand of draining (0)
 K - a wand of frost (35)
 V - a wand of frost (30)
Scrolls
 a - a scroll of acquirement {unknown}
 l - 2 scrolls of remove curse
 q - 3 scrolls of recharging
 s - a scroll of fog
 v - a scroll of magic mapping
 w - 4 scrolls of identify
 y - a scroll of fear
 z - 2 scrolls of enchant weapon {unknown}
 C - 3 scrolls of teleportation
 G - 4 scrolls of enchant armour
 S - a scroll of blinking
Potions
 o - 3 potions of curing
 p - a potion of heal wounds
 A - a potion of resistance
Books
 Z - a book of Burglary

   Spells                             Type                      Level
   a - Swiftness                      Charms/Air                   2
   b - Passwall                       Transmutation/Earth          3
   c - Passage of Golubria            Translocation                4
   d - Lee's Rapid Deconstruction     Earth                        5
   e - Invisibility                   Hexes                        6
   f - Darkness                       Hexes                        7
Comestibles
 e - 10 bread rations
 h - 6 beef jerkies
 m - 5 meat rations
 n - 3 slices of pizza
 D - 4 chunks of flesh
 L - 6 fruits
 T - a royal jelly


   Skills:
 - Level 2.6 Fighting
 * Level 17.6 Maces & Flails
 + Level 7.6 Throwing
 - Level 1.7 Dodging
 - Level 0.7 Stealth
 + Level 2.9 Invocations


You had 7 spell levels left.
You knew the following spells:

 Your Spells              Type           Power        Failure   Level  Hunger
a - Swiftness             Chrm/Air       #.......     47%         2    ###....


Dungeon Overview and Level Annotations

Branches:
Dungeon (8/15)             Temple (1/1) D:5
   Lair: D:8-11

Altars:
Ashenzari
Cheibriados
Dithmenos
Elyvilon
Fedhas
Gozag
Kikubaaqudgha
Makhleb
Nemelex Xobeh
Okawaru
Qazlal
Ru
Sif Muna
Trog
Vehumet
Xom
Yredelemnul
Zin
The Shining One

Shops:
D:6 *(

Annotations:
D:3 1 runed door


Innate Abilities, Weirdness & Mutations

You are too large for most types of armour.
You have tough skin (AC +1).


Message History

You miss the killer bee.
The killer bee is severely wounded.
The wolf bites you but does no damage. The killer bee stings you.
* * * LOW HITPOINT WARNING * * *
The wolf completely misses you.
You miss the killer bee.
The killer bee is severely wounded.
You feel sick. The killer bee stings you!
* * * LOW HITPOINT WARNING * * *
The wolf barely misses you. The killer bee stings you.
* * * LOW HITPOINT WARNING * * *
You are more poisoned.
The killer bee poisons you!
Drink which item? (? for menu, Esc to quit)
You feel better. The killer bee completely misses you. The wolf bites you!
* * * LOW HITPOINT WARNING * * *
The killer bee stings you.
* * * LOW HITPOINT WARNING * * *
The wolf bites you.
You die...

*,,,,,,****,#.>,,,,,..,,,,,,,,,,,
*,,,,,,* *,#..,*###.#,*,,,,,,,,,
*,,,,,,*###+#..,,....#,*,*****,*,
*,,,,,,,.......##....#.*,,,,,,,**
*****,,,...............,,,,,,,,,,
***,,,*,...............,,*<*,*,**
*,+,,,+,......†........*,*,*,*,*,
*+*,,,*****#...y##******,*,,,,,*,
,,,,,,* #...h@# *,***,*,*,
,,,,,,* #.....# *,,,,,,,,,
,,,,,,* #.....# *,,**,*,*,
,,,**#######.....# *,,**,*,,,
*+** #.......###.# *,,**,*,*,
*,####.......# #.# *,,**,*,*,
*,#..........###.######*,,**,*,**
*,#..........'..........,,**,*,*
*,#..........###........,,,,<*,*


You could see a wolf and a killer bee.

Vanquished Creatures
  5 orc knights (Bailey)
  The ghost of Bane the Ducker, an average TrBe of Trog (D:4)
  Grinder (D:4)
  A hippogriff (D:8)
  A hungry ghost (D:8)
  Edmund (D:4)
  Duvessa (D:4)
  10 orc warriors
  A phantom (D:7)
  3 ogres
  A centaur (D:8)
  2 ice beasts (D:7)
  A sky beast (D:3)
  Dowan (D:4)
  4 giant frogs
  A wyvern skeleton (D:6)
  4 killer bees (D:8)
  A crimson imp (D:6)
  2 hounds
  A quasit (D:7)
  3 orc wizards
  2 orc priests
  3 giant frog skeletons
  4 iguanas
  5 worker ants
  4 gnolls
  2 hound skeletons
  10 adders
  2 adder skeletons
  3 worms
  56 orcs
  5 ball pythons
  11 bats
  A bat skeleton (D:7)
  3 giant cockroaches
  9 goblins
  20 hobgoblins
  6 jackals
  6 quokkas
  4 giant geckos
  A giant gecko skeleton (D:4)
  7 giant newts
  9 kobolds
  A quokka skeleton (D:4)
  10 rats
230 creatures vanquished.

Notes
Turn   | Place    | Note
--------------------------------------------------------------
     0 | D:1      | Lektor the Ogre Hunter began the quest for the Orb.
     0 | D:1      | Reached XP level 1. HP: 22/22 MP: 1/1
   180 | D:1      | Reached XP level 2. HP: 19/29 MP: 2/2
   383 | D:1      | Reached skill level 5 in Throwing
   589 | D:1      | Reached skill level 1 in Maces & Flails
  1114 | D:1      | Reached XP level 3. HP: 36/36 MP: 3/3
  2172 | D:2      | Reached XP level 4. HP: 12/44 MP: 4/4
  2742 | D:3      | Noticed a sky beast
  2763 | D:2      | Reached skill level 5 in Maces & Flails
  2773 | D:2      | Reached XP level 5. HP: 29/50 MP: 5/5
  2859 | D:2      | Noticed a phantom
  2926 | D:3      | Killed a sky beast
  2926 | D:3      | Reached skill level 6 in Maces & Flails
  2926 | D:3      | Reached XP level 6. HP: 34/59 MP: 6/6
  2980 | D:3      | Reached skill level 7 in Maces & Flails
  3253 | D:3      | Found a runed door.
  3257 | D:3      | Found a radiant altar of Vehumet.
  3257 | D:3      | Found an ancient bone altar of Kikubaaqudgha.
  3262 | D:3      | Found a glowing silver altar of Zin.
  3267 | D:3      | Found a deep blue altar of Sif Muna.
  3277 | D:3      | Found a white marble altar of Elyvilon.
  3284 | D:3      | Noticed an angel
  3291 | D:3      | Found a sacrificial altar of Ru.
  3292 | D:3      | Found a shadowy altar of Dithmenos.
  3483 | D:4      | Noticed Duvessa
  3485 | D:4      | Noticed Dowan
  3496 | D:4      | Killed Duvessa
  3496 | D:4      | Reached skill level 8 in Maces & Flails
  3503 | D:4      | Killed Dowan
  3503 | D:4      | Reached XP level 7. HP: 41/66 MP: 7/7
  3587 | D:4      | Noticed Bane's ghost (average TrBe)
  3593 | D:4      | Killed Bane's ghost
  3593 | D:4      | Reached skill level 10 in Maces & Flails
  3708 | D:4      | Noticed Edmund
  3742 | D:4      | Killed Edmund
  3874 | D:4      | Found a burning altar of Makhleb.
  4019 | D:4      | Noticed Grinder
  4024 | D:4      | Paralysed by Grinder for 5 turns
  4031 | D:4      | Killed Grinder
  4031 | D:4      | Reached XP level 8. HP: 48/74 MP: 8/8
  4074 | D:4      | Reached skill level 11 in Maces & Flails
  4164 | D:5      | Entered Level 5 of the Dungeon
  4767 | D:5      | Found a staircase to the Ecumenical Temple.
  4771 | Temple   | Entered the Ecumenical Temple
  4837 | Temple   | Became a worshipper of Warmaster Okawaru
  5009 | D:6      | Acquired Okawaru's first power
  5009 | D:6      | Reached skill level 12 in Maces & Flails
  5205 | D:6      | Found Ypoen's Weapon Boutique.
  5450 | D:6      | Found Wicuavuf's General Store.
  5455 | D:6      | Bought a scroll of blinking for 105 gold pieces
  5593 | D:6      | Reached XP level 9. HP: 59/80 MP: 9/9
  6071 | D:6      | Reached skill level 13 in Maces & Flails
  6478 | D:7      | Reached skill level 14 in Maces & Flails
  6580 | D:7      | Learned a level 2 spell: Swiftness
  7090 | D:8      | Reached skill level 15 in Maces & Flails
  7139 | D:8      | Found a flagged portal.
  7149 | Bailey   | Entered a bailey
  7346 | Bailey   | Reached XP level 10. HP: 88/88 MP: 7/10
  7397 | Bailey   | Noticed an orc knight
  7397 | Bailey   | Noticed an orc knight
  7397 | Bailey   | Noticed an orc knight
  7475 | Bailey   | Killed an orc knight
  7475 | Bailey   | Reached skill level 16 in Maces & Flails
  7593 | Bailey   | Killed an orc knight
  7703 | Bailey   | Noticed an orc knight
  7776 | Bailey   | Noticed an orc knight
  7802 | Bailey   | Killed an orc knight
  7802 | Bailey   | Reached skill level 17 in Maces & Flails
  7828 | Bailey   | Killed an orc knight
  7828 | Bailey   | Received a gift from Okawaru
  7828 | Bailey   | Reached skill level 1 in Invocations
  7984 | Bailey   | Killed an orc knight
  8276 | D:8      | HP: 3/88 [wolf[Grum] (8)]
  8280 | D:8      | Slain by a wolf

Vault maps used:
D:1:      tarquinn_simple_flora_water_b
D:2:      guppyfry_early_orc_mine
D:3:      grunt_temple_overflow_open, lemuel_angel_altar
D:4:      makhleb_blood_cavern_becter, first_bread, uniq_edmund, uniq_grinder,
          uniq_duvessa
D:5:      temple_hall_moat
D:6:      serial_shops, shop, kennysheep_little_box
D:7:      grunt_ogre_cave, serial_bayou_lagoon_a
D:8:      enter_bailey_8, kennysheep_generic_room_9, uniq_gastronok, uniq_grum
Temple:   circular_temple_12
Bailey:   bailey_polearm_5, bailey

Action                   |  1- 3 |  4- 6 |  7- 9 | 10-12 || total
-------------------------+-------+-------+-------+-------++-------
Melee: Short sword       |    26 |       |       |       ||    26
       Mace              |   133 |    70 |       |       ||   203
       Flail             |       |   123 |   146 |       ||   269
       Giant club        |       |       |   136 |   104 ||   240
Throw: Stone             |    23 |    26 |     5 |       ||    54
       Large rock        |       |     5 |    28 |    15 ||    48
       Javelin           |       |     3 |    24 |     7 ||    34
       Throwing net      |       |     2 |     2 |       ||     4
       Tomahawk          |       |       |    10 |    20 ||    30
Invok: Heroism           |       |       |     1 |       ||     1
Evoke: Wand              |       |       |     4 |       ||     4
  Use: Scroll            |     3 |     1 |     9 |       ||    13
       Potion            |     1 |     1 |     7 |     5 ||    14
 Stab: Sleeping          |     1 |       |     5 |       ||     6
       Held in net/web   |       |     1 |       |       ||     1
  Eat: Chunk             |     4 |     6 |    16 |     5 ||    31
